 Dungeon Crawl Stone Soup version 0.22-a0-538-g76cc104 (webtiles) character file.

181 inc the Digger (level 5, -2/31 HPs)
             Began as an Octopode Earth Elementalist on June 23, 2018.
             Slain by a centaur skeleton (8 damage)
             ... on level 4 of the Dungeon.
             The game lasted 00:04:40 (3742 turns).

inc the Digger (Octopode Earth Elementalist)        Turns: 3742, Time: 00:04:41

Health: -2/31      AC:  1    Str:  7    XL:     5   Next: 61%
Magic:  8/8        EV: 13    Int: 18    God:
Gold:   163        SH:  0    Dex: 13    Spells: 7/8 levels left

rFire    . . .     SeeInvis .   h - +0 short sword
rCold    . . .     Gourm    .   (no shield)
rNeg     + . .     Faith    .   (helmet restricted)
rPois    .         Spirit   .   (no amulet)
rElec    .         Reflect  .   i - ring of positive energy
rCorr    .         Harm     .   k - ring of wizardry
MR       .....                  (no ring)
Stlth    +++.......             (no ring)
HPRegen  0.10/turn              (no ring)
MPRegen  0.11/turn              (no ring)
                                (no ring)
                                (no ring)

@: no status effects
A: almost no armour, stealthy swim, amphibious, 8 rings, constrict 8, camouflage
1, gelatinous body 1
a: no special abilities


You were on level 4 of the Dungeon.
You were hungry.

You visited 1 branch of the dungeon, and saw 4 of its levels.

You collected 163 gold pieces.

Inventory:

Hand Weapons
 h - a +0 short sword (weapon)
Missiles
 b - 81 stones (quivered)
Jewellery
 i - a ring of positive energy (left tentacle)
 k - a ring of wizardry (right tentacle)
 p - an uncursed ring of teleportation
Scrolls
 f - a scroll of fog {unknown}
 g - 2 scrolls of remove curse
 o - a scroll of teleportation {unknown}
Potions
 a - 2 potions of magic
 d - 2 potions of brilliance
 j - 2 potions of heal wounds {unknown}
 l - 2 potions of ambrosia {unknown}
 m - a potion of might
Comestibles
 c - 3 rations


   Skills:
 - Level 2.0 Dodging
 - Level 2.6 Stealth
 - Level 2.0 Spellcasting
   Level 1.0 Transmutations
 + Level 6.1 Earth Magic


You had 7 spell levels left.
You knew the following spells:

 Your Spells              Type           Power        Failure   Level  Hunger
a - Sandblast             Erth           ###...       1%          1    #......

Your spell library contained the following spells:

 Spells                   Type           Power        Failure   Level  Hunger
 Stone Arrow              Conj/Erth      ##....       6%          3    ###....
 Passwall                 Tmut/Erth      ##......     2%          2    ###....
 Lee's Rapid Deconstruct  Erth           ###.......   16%         5    ######.
 Petrify                  Tmut/Erth      ##......     16%         4    #####..


Dungeon Overview and Level Annotations

Branches:
Dungeon (4/15)
 Temple: D:4-7

Altars:
The Shining One

Annotations:
D:3 2 transporters, Hebeh's ghost, amateur DDFi


Innate Abilities, Weirdness & Mutations

You cannot wear most types of armour.
You are very stealthy in the water. (Stealth+)
You are amphibious.
You can wear up to eight rings at the same time.
You can use your tentacles to constrict eight enemies at once.
Your skin changes colour to match your surroundings (Stealth+).
Your rubbery body absorbs attacks. (AC +1, EV +1)


Message History

The centaur skeleton is heavily damaged.
The centaur skeleton barely misses you. The centaur skeleton hits you.
You hit the centaur skeleton but do no damage.
The centaur skeleton is heavily damaged.
The centaur skeleton hits you.
You hit the centaur skeleton.
The centaur skeleton is heavily damaged.
The centaur skeleton completely misses you.
The centaur skeleton hits you!
You hit the centaur skeleton.
The centaur skeleton is severely damaged.
The centaur skeleton completely misses you.
You hit the centaur skeleton but do no damage.
The centaur skeleton is severely damaged.
The centaur skeleton hits you. x2
* * * LOW HITPOINT WARNING * * *
You hit the centaur skeleton.
The centaur skeleton is severely damaged.
The centaur skeleton hits you!
You die...

#(....## #...†##
#....## ####...#
##..## ##...#...
#...# #......##
#..## #........ #..#
#........ ##..##
#......## #....##
#.....## ##.@.8#
#......# #...Z..#
#..<...# ##......._
#..>...##
#.....#...##........
#....8#######...#..#
#....## #####...
##...# ######..#
....# #....#...
#.......#


You could see a centaur skeleton.

Vanquished Creatures
  An orc priest (D:4)
  A worker ant (D:4)
  2 adders (D:2)
  5 worms
  A dart slug (D:2)
  A leopard gecko (D:1)
  2 orcs (D:4)
  2 ball pythons
  4 giant cockroaches
  8 hobgoblins
  9 jackals
  13 kobolds
  A quokka (D:4)
  9 bats
  7 frilled lizards
  12 goblins
  A quokka skeleton (D:4)
  8 rats
87 creatures vanquished.

Notes
Turn   | Place    | Note
-------+----------+-------------------------------------------
     0 | D:1      | inc the Octopode Earth Elementalist began the quest for the Orb.
     0 | D:1      | Reached XP level 1. HP: 11/11 MP: 3/3
   205 | D:1      | Reached XP level 2. HP: 14/17 MP: 0/5
   630 | D:1      | Reached skill level 4 in Earth Magic
   695 | D:1      | Reached XP level 3. HP: 21/21 MP: 3/6
  1330 | D:2      | Reached XP level 4. HP: 14/27 MP: 3/7
  1613 | D:2      | Reached skill level 5 in Earth Magic
  2239 | D:3      | Found a transporter.
  2324 | D:3      | Noticed Hebeh's ghost (amateur DDFi)
  2347 | D:3      | Found a transporter.
  2815 | D:3      | Reached XP level 5. HP: 27/31 MP: 8/8
  3482 | D:4      | Reached skill level 6 in Earth Magic
  3735 | D:4      | Found a glowing golden altar of the Shining One.
  3742 | D:4      | Slain by a centaur skeleton

Vault maps used:
D:1:      elethiomel_arrival_quiet
D:2:      minmay_randomly_rotated_circles
D:3:      gammafunk_ghost_arena
D:4:      kennysheep_kobold_camp, nicolae_tso_carved_into_rock,
          serial_co_window_serial, co_window_paths_b, co_window_paths_b,
          co_window_paths_b, co_window_of_opportunity_a, co_window_paths_a,
          co_window_of_opportunity_a, co_window_corner_b, co_window_corner_b,
          co_window_corner_ca, co_window_corner_ca, glass_columns_a,
          glass_columns_b, glass_columns_b, glass_columns_b, glass_columns_c,
          first_ration

Skill      XL: |  1  2  3  4  5 |
---------------+----------------+-----
Earth Magic    | 4 5 6 |  6.1
Dodging        | |  2.0
Stealth        | |  2.6
Spellcasting   | |  2.0
Transmutations | |  1.0

Action                   |  1- 3 |  4- 6 || total
-------------------------+-------+-------++-------
Melee: Unarmed           |    14 |       ||    14
       Tentacles         |     6 |     6 ||    12
       Constrict         |     6 |    20 ||    26
       Short sword       |    10 |    71 ||    81
 Cast: Sandblast         |    41 |    33 ||    74
  Use: Scroll            |       |     4 ||     4
 Stab: Sleeping          |     5 |    12 ||    17
  Eat: Chunk             |     2 |     7 ||     9
Armor: Skin              |     6 |     4 ||    10
Dodge: Dodged            |    31 |    63 ||    94

Table legend:
 A = Spawn XP
 B = Non-spawn XP
 C = Spawn XP percentage of total XP
 D = Spawn monster count
 E = Non-spawn monster count
 F = Spawn count percentage of total count
 G = Total turns spent on level
                    A         B        C        D         E        F      G
               +---------+---------+-------+---------+---------+-------+---------
         Total |       0 |     259 |   0.0 |       0 |      87 |   0.0 |  3742
               +---------+---------+-------+---------+---------+-------+---------
           D:1 |       0 |      38 |   0.0 |       0 |      23 |   0.0 |  1089
           D:2 |       0 |      96 |   0.0 |       0 |      37 |   0.0 |  1146
           D:3 |       0 |      33 |   0.0 |       0 |      16 |   0.0 |   997
           D:4 |       0 |      92 |   0.0 |       0 |      11 |   0.0 |   510
               +---------+---------+-------+---------+---------+-------+---------
